Kings vs Senateurs
(R1)
Created - 17 janvier 2017 at 19:44
Goals
|
| Kings |
1 |
1 |
1 |
3 |
| Senateurs |
2 |
1 |
2 |
5 |
|
Shots
|
| Kings |
9 |
10 |
9 |
28 |
| Senateurs |
14 |
7 |
10 |
31 |
|
1st period
1. Senateurs , Johan Franzen 11 (Gilbert Brule) at 9:48
2. Senateurs , Gilbert Brule 15 (Dan Hamhuis, Johan Franzen) at 10:16
3. Kings , Ted Purcell 17 (Jordan Nolan) at 18:48
Penalties :
Jordan Eberle (LAK) for Slashing (Minor) at 3:39
2nd period
4. Kings , Michael Kostka 5 (Daniel Cleary, Jordan Nolan) at 9:43
5. Senateurs , Gilbert Brule 16 (Thomas Vanek) at 18:02 (PP)
Penalties :
Milan Hejduk (Ott) for Goalie Interference (Minor) at 3:53, Jakub Voracek (LAK) for Hooking (Minor) at 6:51, Brent Sopel (LAK) for Slashing (Minor) at 11:39, Jordan Eberle (LAK) for Hooking (Minor) at 17:49, Anze Kopitar (LAK) for Roughing (Minor) at 18:41
3rd period
6. Senateurs , B.J. Crombeen 9 (Brad Richards, Kurtis Foster) at 0:37 (PP)
7. Senateurs , Johan Franzen 12 (Gilbert Brule, Kurtis Foster) at 4:50 (PP)
8. Kings , Jordan Eberle 10 (Drew Doughty, Jordan Nolan) at 5:23
Penalties :
Jordan Nolan (LAK) for Interference (Minor) at 4:42, Ted Purcell (LAK) for Hooking (Minor) at 14:46
Goalie Stats
Evgeni Nabokov (LAK), 8 saves from 9 shots - (0,889), 19:23 minutes
Jonathan Quick (LAK), 18 saves from 22 shots - (0,818), L, 15-7-6, 40:37 minutes
Ondrej Pavelec (Ott), 25 saves from 28 shots - (0,893), W, 13-10-2, 60:00 minutes
Players Stats for Kings
Player Name G A P +/- PIM S H SB GA TA FO MP PP MP PK MP
------------------------------------------------------------------------------------
Anze Kopitar 0 0 0 0 2 6 1 0 1 0 10/17 17:46 0:59 1:46
Brendan Smith 0 0 0 0 0 1 0 1 0 0 0/0 22:54 1:19 3:56
Brent Sopel 0 0 0 2 2 1 0 2 0 0 0/0 13:57 0:40 0:00
Chad Larose 0 0 0 0 0 1 1 1 0 0 0/0 16:02 0:00 5:47
Daniel Cleary 0 1 1 1 0 0 1 0 1 0 0/0 10:14 0:00 3:11
Dominic Moore 0 0 0 0 0 0 1 1 0 0 10/14 15:11 0:00 5:47
Drew Doughty 0 1 1 -1 0 2 0 0 1 0 0/0 19:31 1:19 0:38
Erik Christensen 0 0 0 1 0 1 1 0 0 0 0/3 6:41 0:00 0:00
Evander Kane 0 0 0 0 0 7 0 0 0 0 0/0 12:28 0:59 1:15
Jakub Voracek 0 0 0 0 2 1 1 1 0 0 0/1 16:16 1:00 0:00
Jordan Eberle 1 0 1 0 4 3 1 0 0 0 1/1 16:39 0:59 0:00
Jordan Nolan 0 3 3 0 2 1 4 0 1 0 12/25 16:57 1:00 0:15
Ladislav Nagy 0 0 0 1 0 0 0 0 0 0 0/0 6:41 0:00 0:00
Lubomir Visnovsky 0 0 0 -1 0 0 2 2 0 1 0/0 23:18 0:00 6:17
Michael Kostka 1 0 1 2 0 1 1 3 1 2 0/0 17:15 0:40 3:56
Patrik Elias 0 0 0 0 0 0 2 0 0 0 0/0 15:10 0:00 0:00
Ryan O'Byrne 0 0 0 0 0 1 1 1 0 1 0/0 23:14 0:00 5:39
Ted Purcell 1 0 1 0 2 2 0 1 1 0 1/2 19:26 1:00 2:25
Players Stats for Senateurs
Player Name G A P +/- PIM S H SB GA TA FO MP PP MP PK MP
------------------------------------------------------------------------------------
Andrew Ebbett 0 0 0 0 0 2 0 0 0 1 5/6 8:22 0:00 0:27
Andy McDonald 0 0 0 0 0 0 0 0 0 0 0/0 8:15 0:00 0:11
B.J. Crombeen 1 0 1 -2 0 6 1 0 0 0 0/0 17:52 4:03 0:00
Brad Richards 0 1 1 -2 0 2 0 0 2 0 8/17 18:02 4:03 0:27
Brandon Dubinsky 0 0 0 0 0 0 0 0 0 0 1/3 9:48 0:00 0:00
Brenden Morrow 0 0 0 -2 0 2 5 1 0 0 0/0 18:08 4:03 0:27
Carlo Colaiacovo 0 0 0 0 0 2 1 1 0 0 0/0 19:59 3:28 0:39
Dan Girardi 0 0 0 -1 0 0 0 2 0 0 0/0 11:21 0:00 0:00
Dan Hamhuis 0 1 1 0 0 0 0 4 1 2 0/0 28:40 6:45 1:20
Darcy Hordichuk 0 0 0 0 0 1 0 0 0 0 0/0 10:36 0:00 0:00
George Parros 0 0 0 0 0 0 0 0 0 0 0/0 7:52 0:00 0:00
Gilbert Brule 2 2 4 1 0 5 2 0 0 2 14/32 23:30 6:10 1:12
Johan Franzen 2 1 3 1 0 6 0 0 0 0 1/2 21:55 6:10 0:00
Kurtis Foster 0 2 2 0 0 0 4 3 0 0 0/0 28:40 6:45 1:20
Milan Hejduk 0 0 0 0 2 1 1 0 0 0 0/0 10:09 0:00 0:00
Thomas Vanek 0 1 1 1 0 0 0 1 1 0 0/3 23:31 6:10 1:14
Vitaly Vishnevsky 0 0 0 0 0 4 1 1 0 1 0/0 19:59 3:28 0:39
Vladimir Mihalik 0 0 0 -1 0 0 0 2 0 0 0/0 11:21 0:00 0:00
3 Stars
1 - Gilbert Brule (Ott)
2 - Johan Franzen (Ott)
3 - Michael Kostka (LAK)
Power Play
Kings - 0 on 1 Attempt(s) - 0,00%
Senateurs - 3 on 7 Attempt(s) - 42,86%
Penalty Kill
Kings - 4 on 7 Attempt(s) - 57,14%
- Score 0 goal in Penalty Kill
Senateurs - 1 on 1 Attempt(s) - 100,00%
- Score 0 goal in Penalty Kill
Team Stat
Kings - Hits : 17 - Faceoff Wins : 34 - Blocked Shots : 13 - Penalty Minutes : 14
Senateurs - Hits : 15 - Faceoff Wins : 29 - Blocked Shots : 15 - Penalty Minutes : 2
Official
Referees : Lee Chris and McCauley Wes
Linesman : Tim Nowak and Brad Lazarowich
Game Notes
Evgeni Nabokov enters game at 0:37 of 3rd period
Finance
Level 1 -- Attendance: 5933 (98,88%) -- Ticket Income 474 640 $
Level 2 -- Attendance: 4970 (99,40%) -- Ticket Income 248 500 $
Level 3 -- Attendance: 2000 (100,00%) -- Ticket Income 60 000 $
Level 4 -- Attendance: 4000 (100,00%) -- Ticket Income 80 000 $
Luxury Box -- Attendance: 973 (97,30%) -- Ticket Income 150 815 $
Game was played at the Place Banque Scotia.
Total Attendance: 17876 (99,31%)
Total Ticket Income: 1 013 955 $
Other Income: 152 093 $
Total Income: 1 166 048 $
Kings
5 vs 5 Forward
Center Left Wing Right Wing Time % Phy DF OF
1 Jordan Nolan Ted Purcell Jordan Eberle 35 1 2 2
2 Anze Kopitar Patrik Elias Jakub Voracek 35 1 2 2
3 Dominic Moore Evander Kane Chad Larose 20 0 3 2
4 Erik Christensen Ladislav Nagy Daniel Cleary 10 1 2 2
5 vs 5 Defense
Defense Defense Time % Phy DF OF
1 Drew Doughty Lubomir Visnovsky 40 0 3 2
2 Brendan Smith Ryan O'Byrne 35 0 3 2
3 Brent Sopel Michael Kostka 25 0 3 2
4 Drew Doughty Brendan Smith 0 1 3 1
PowerPlay Forward
Center Left Wing Right Wing Time % Phy DF OF
1 Anze Kopitar Evander Kane Jordan Eberle 60 0 1 4
2 Jordan Nolan Ted Purcell Jakub Voracek 40 0 1 4
PowerPlay Defense
Defense Defense Time % Phy DF OF
1 Drew Doughty Brendan Smith 60 0 2 3
2 Brent Sopel Michael Kostka 40 0 3 2
Penalty Kill 4 Players Forward
Center Wing Time % Phy DF OF
1 Dominic Moore Chad Larose 60 1 2 2
2 Ted Purcell Daniel Cleary 40 1 2 2
Penalty Kill 4 Players Defense
Defense Defense Time % Phy DF OF
1 Lubomir Visnovsky Ryan O'Byrne 60 1 4 0
2 Michael Kostka Brendan Smith 40 1 4 0
Penalty Kill - 3 Players Forward
Forward Time % Phy DF OF
1 Dominic Moore 60 1 4 0
2 Anze Kopitar 40 1 4 0
Penalty Kill - 3 Players Defense
Defense Defense Time % Phy DF OF
1 Ryan O'Byrne Lubomir Visnovsky 60 1 4 0
2 Michael Kostka Brendan Smith 40 1 4 0
4 vs 4 Forward
Center Wing Time % Phy DF OF
1 Anze Kopitar Jakub Voracek 60 1 2 2
2 Jordan Eberle Evander Kane 40 1 2 2
4 vs 4 Defense
Defense Defense Time % Phy DF OF
1 Lubomir Visnovsky Drew Doughty 60 1 2 2
2 Brendan Smith Michael Kostka 40 1 2 2
Last Minutes Offensive
Center Left Wing Right Wing Defense Defense
Anze Kopitar Evander Kane Jordan Eberle Drew Doughty Brendan Smith
Last Minutes Defensive
Center Left Wing Right Wing Defense Defense
Anze Kopitar Ted Purcell Chad Larose Ryan O'Byrne Brendan Smith
Goaltenders
Starting : Jonathan Quick
Backup : Evgeni Nabokov
Extra Forwards
Normal : Anze Kopitar, Jordan Eberle, Chad Larose - PP : Patrik Elias, Chad Larose - PK : Anze Kopitar
Extra Defensemen
Normal : Drew Doughty, Brendan Smith, Ryan O'Byrne - PP : Brent Sopel - PK : Drew Doughty, Brent Sopel
Penalty Shots
Anze Kopitar, Evander Kane, Ted Purcell, Jordan Eberle, Dominic Moore
Senateurs
5 vs 5 Forward
Center Left Wing Right Wing Time % Phy DF OF
1 Gilbert Brule Thomas Vanek Johan Franzen 40 1 2 2
2 Brad Richards Brenden Morrow B.J. Crombeen 30 1 2 2
3 Brandon Dubinsky Darcy Hordichuk Milan Hejduk 20 1 2 2
4 Andrew Ebbett Andy McDonald George Parros 10 1 2 2
5 vs 5 Defense
Defense Defense Time % Phy DF OF
1 Kurtis Foster Dan Hamhuis 40 1 2 2
2 Vitaly Vishnevsky Carlo Colaiacovo 30 1 2 2
3 Dan Girardi Vladimir Mihalik 20 1 2 2
4 Kurtis Foster Dan Hamhuis 10 1 2 2
PowerPlay Forward
Center Left Wing Right Wing Time % Phy DF OF
1 Gilbert Brule Thomas Vanek Johan Franzen 60 1 1 3
2 Brad Richards Brenden Morrow B.J. Crombeen 40 1 1 3
PowerPlay Defense
Defense Defense Time % Phy DF OF
1 Kurtis Foster Dan Hamhuis 60 1 2 2
2 Vitaly Vishnevsky Carlo Colaiacovo 40 1 2 2
Penalty Kill 4 Players Forward
Center Wing Time % Phy DF OF
1 Gilbert Brule Thomas Vanek 60 0 3 2
2 Brad Richards Brenden Morrow 40 0 3 2
Penalty Kill 4 Players Defense
Defense Defense Time % Phy DF OF
1 Kurtis Foster Dan Hamhuis 60 1 2 2
2 Vitaly Vishnevsky Carlo Colaiacovo 40 1 2 2
Penalty Kill - 3 Players Forward
Forward Time % Phy DF OF
1 Gilbert Brule 60 1 2 2
2 Thomas Vanek 40 1 2 2
Penalty Kill - 3 Players Defense
Defense Defense Time % Phy DF OF
1 Kurtis Foster Dan Hamhuis 60 1 2 2
2 Vitaly Vishnevsky Carlo Colaiacovo 40 1 2 2
4 vs 4 Forward
Center Wing Time % Phy DF OF
1 Gilbert Brule Thomas Vanek 60 1 2 2
2 Brad Richards Brenden Morrow 40 1 2 2
4 vs 4 Defense
Defense Defense Time % Phy DF OF
1 Kurtis Foster Dan Hamhuis 60 1 2 2
2 Vitaly Vishnevsky Carlo Colaiacovo 40 1 2 2
Last Minutes Offensive
Center Left Wing Right Wing Defense Defense
Gilbert Brule Thomas Vanek Johan Franzen Kurtis Foster Dan Hamhuis
Last Minutes Defensive
Center Left Wing Right Wing Defense Defense
Gilbert Brule Thomas Vanek Johan Franzen Kurtis Foster Dan Hamhuis
Goaltenders
Starting : Ondrej Pavelec
Backup : Jonas Gustavsson
Extra Forwards
Normal : Darcy Hordichuk, Andy McDonald, Andrew Ebbett - PP : Darcy Hordichuk, Andy McDonald - PK : Andrew Ebbett
Extra Defensemen
Normal : Dan Girardi, Vladimir Mihalik, Vitaly Vishnevsky - PP : Dan Girardi - PK : Vladimir Mihalik, Vitaly Vishnevsky
Penalty Shots
Gilbert Brule, Thomas Vanek, Brad Richards, Brenden Morrow, Johan Franzen
% Time on Ice - Kings
Lines # - Real PCT - Wanted PCT - Time Play
Normal Forward
1 - 34% - 35% - 16:04
2 - 33% - 35% - 15:39
3 - 20% - 20% - 9:24
4 - 14% - 10% - 6:41
Normal Defense
1 - 36% - 40% - 17:13
2 - 34% - 35% - 16:10
3 - 27% - 25% - 13:08
4 - 3% - 0% - 1:17
PP Forward
1 - 50% - 60% - 0:59
2 - 50% - 40% - 1:00
PP Defense
1 - 66% - 60% - 1:19
2 - 34% - 40% - 0:40
PK Forward
1 - 69% - 60% - 7:02
2 - 31% - 40% - 3:11
PK Defense
1 - 62% - 60% - 6:17
2 - 38% - 40% - 3:56
PK3 Forward
1 - 0% - 60%
2 - 0% - 40%
PK3 Defense
1 - 0% - 60%
2 - 0% - 40%
44 Forward
1 - 0% - 60%
2 - 0% - 40%
44 Defense
1 - 0% - 60%
2 - 0% - 40%
Last Minute Offensive - 0:00
Last Minute Defensive - 0:00
Total
Forward - 60:00
Defense - 60:00
|
% Time on Ice - Senateurs
Lines # - Real PCT - Wanted PCT - Time Play
Normal Forward
1 - 35% - 40% - 16:34
2 - 30% - 30% - 14:21
3 - 21% - 20% - 9:48
4 - 15% - 10% - 7:05
Normal Defense
1 - 39% - 40% - 18:51
2 - 33% - 30% - 15:52
3 - 24% - 20% - 11:21
4 - 4% - 10% - 1:44
PP Forward
1 - 60% - 60% - 6:10
2 - 40% - 40% - 4:03
PP Defense
1 - 66% - 60% - 6:45
2 - 34% - 40% - 3:28
PK Forward
1 - 77% - 60% - 1:32
2 - 23% - 40% - 0:27
PK Defense
1 - 67% - 60% - 1:20
2 - 33% - 40% - 0:39
PK3 Forward
1 - 0% - 60%
2 - 0% - 40%
PK3 Defense
1 - 0% - 60%
2 - 0% - 40%
44 Forward
1 - 0% - 60%
2 - 0% - 40%
44 Defense
1 - 0% - 60%
2 - 0% - 40%
Last Minute Offensive - 0:00
Last Minute Defensive - 0:00
Total
Forward - 60:00
Defense - 60:00
|
Play by Play
1st period
0:01 of 1st period - Johan Franzen wins face-off versus Jordan Nolan in neutral zone.
0:26 of 1st period - Drew Doughty is hit by Kurtis Foster and loses puck.
1:05 of 1st period - Slapshot by Vitaly Vishnevsky.
1:05 of 1st period - Stopped by Jonathan Quick without a rebound.
1:06 of 1st period - Andrew Ebbett wins face-off versus Erik Christensen in Kings zone.
1:35 of 1st period - Snap shot by Jakub Voracek.
1:35 of 1st period - Shot Blocked by Vladimir Mihalik.
1:41 of 1st period - Slapshot by Anze Kopitar.
1:41 of 1st period - Stopped by Ondrej Pavelec with a rebound.
2:03 of 1st period - Wrist shot by Jordan Eberle.
2:03 of 1st period - Shot Misses the Net.
2:24 of 1st period - Snap shot by Dan Hamhuis.
2:24 of 1st period - Shot Misses the Net.
2:26 of 1st period - Slapshot by Dan Hamhuis.
2:26 of 1st period - Shot Blocked by Chad Larose.
2:44 of 1st period - Wrist shot by Johan Franzen.
2:44 of 1st period - Shot Blocked by Brent Sopel.
2:46 of 1st period - Slapshot by Carlo Colaiacovo.
2:46 of 1st period - Shot Blocked by Dominic Moore.
2:56 of 1st period - Snap shot by Anze Kopitar.
2:56 of 1st period - Stopped by Ondrej Pavelec with a rebound.
3:17 of 1st period - Icing by B.J. Crombeen.
3:18 of 1st period - Jordan Nolan wins face-off versus Brad Richards in Senateurs zone.
3:39 of 1st period - Minor Penalty to Jordan Eberle for Slashing.
3:40 of 1st period - Dominic Moore wins face-off versus Thomas Vanek in Kings zone.
4:06 of 1st period - Lubomir Visnovsky is hit by Kurtis Foster and loses puck.
4:15 of 1st period - Wrist shot by B.J. Crombeen.
4:15 of 1st period - Shot Misses the Net.
5:39 of 1st period - Penalty to Jordan Eberle is over, Jordan Eberle is back on ice.
6:06 of 1st period - Dan Girardi is hit by Jordan Nolan and loses puck.
6:19 of 1st period - Snap shot by Erik Christensen.
6:19 of 1st period - Stopped by Ondrej Pavelec without a rebound.
6:20 of 1st period - Brad Richards wins face-off versus Erik Christensen in Senateurs zone.
6:24 of 1st period - Icing by Brad Richards.
6:25 of 1st period - Brad Richards wins face-off versus Anze Kopitar in Senateurs zone.
6:32 of 1st period - Slapshot by Anze Kopitar.
6:32 of 1st period - Shot Blocked by Dan Hamhuis.
6:56 of 1st period - Wrist shot by B.J. Crombeen.
6:56 of 1st period - Stopped by Jonathan Quick without a rebound.
6:57 of 1st period - Gilbert Brule wins face-off versus Jordan Nolan in Kings zone.
7:59 of 1st period - Snap shot by Brad Richards.
7:59 of 1st period - Stopped by Jonathan Quick without a rebound.
8:00 of 1st period - Brad Richards wins face-off versus Dominic Moore in Kings zone.
8:11 of 1st period - Snap shot by B.J. Crombeen.
8:11 of 1st period - Stopped by Jonathan Quick with a rebound.
8:13 of 1st period - Snap shot by Brad Richards.
8:13 of 1st period - Deflect By B.J. Crombeen.
8:13 of 1st period - Shot Hit the Post.
8:13 of 1st period - Puck is out of play.
8:14 of 1st period - Gilbert Brule wins face-off versus Jordan Nolan in Kings zone.
8:39 of 1st period - Brad Richards is hit by Lubomir Visnovsky and loses puck.
9:05 of 1st period - Ryan O'Byrne is hit by Brenden Morrow and loses puck.
9:12 of 1st period - Wrist shot by Ladislav Nagy.
9:12 of 1st period - Shot Misses the Net.
9:44 of 1st period - Slapshot by Gilbert Brule.
9:44 of 1st period - Stopped by Jonathan Quick with a rebound.
9:46 of 1st period - Wrist shot by Gilbert Brule.
9:46 of 1st period - Stopped by Jonathan Quick without a rebound.
9:47 of 1st period - Gilbert Brule wins face-off versus Jordan Nolan in Kings zone.
9:48 of 1st period - Wrist shot by Johan Franzen.
9:48 of 1st period - Goal by Johan Franzen - Kings : 0 - Senateurs : 1.
9:49 of 1st period - Gilbert Brule wins face-off versus Jordan Nolan in neutral zone.
9:58 of 1st period - Wrist shot by Johan Franzen.
9:58 of 1st period - Stopped by Jonathan Quick without a rebound.
9:59 of 1st period - Gilbert Brule wins face-off versus Jordan Nolan in Kings zone.
10:14 of 1st period - Snap shot by Johan Franzen.
10:14 of 1st period - Shot Blocked by Ted Purcell.
10:16 of 1st period - Slapshot by Dan Hamhuis.
10:16 of 1st period - Deflect By Gilbert Brule.
10:16 of 1st period - Goal by Gilbert Brule - Kings : 0 - Senateurs : 2.
10:17 of 1st period - Gilbert Brule wins face-off versus Anze Kopitar in neutral zone.
11:32 of 1st period - Snap shot by Brenden Morrow.
11:32 of 1st period - Stopped by Jonathan Quick with a rebound.
11:36 of 1st period - Slapshot by Brad Richards.
11:36 of 1st period - Shot Misses the Net.
11:38 of 1st period - Wrist shot by Brad Richards.
11:38 of 1st period - Deflect By B.J. Crombeen.
11:38 of 1st period - Shot Misses the Net.
11:38 of 1st period - Puck is out of play.
11:39 of 1st period - Anze Kopitar wins face-off versus Andrew Ebbett in Kings zone.
12:13 of 1st period - Jordan Eberle is hit by B.J. Crombeen and loses puck.
12:56 of 1st period - Wrist shot by Jakub Voracek.
12:56 of 1st period - Shot Blocked by Kurtis Foster.
13:57 of 1st period - Wrist shot by Dominic Moore.
13:57 of 1st period - Deflect By Evander Kane.
13:57 of 1st period - Stopped by Ondrej Pavelec with a rebound.
13:59 of 1st period - Wrist shot by Chad Larose.
13:59 of 1st period - Stopped by Ondrej Pavelec without a rebound.
14:00 of 1st period - Dominic Moore wins face-off versus Gilbert Brule in Senateurs zone.
14:07 of 1st period - Snap shot by Evander Kane.
14:07 of 1st period - Shot Misses the Net.
14:27 of 1st period - Kurtis Foster is hit by Jordan Eberle and loses puck.
14:50 of 1st period - Icing by Drew Doughty.
14:51 of 1st period - Andrew Ebbett wins face-off versus Jordan Nolan in Kings zone.
14:52 of 1st period - Slapshot by George Parros.
14:52 of 1st period - Shot Misses the Net.
14:54 of 1st period - Snap shot by Andrew Ebbett.
14:54 of 1st period - Stopped by Jonathan Quick without a rebound.
14:55 of 1st period - Gilbert Brule wins face-off versus Anze Kopitar in Kings zone.
15:27 of 1st period - Wrist shot by Brenden Morrow.
15:27 of 1st period - Shot Misses the Net.
15:29 of 1st period - Snap shot by B.J. Crombeen.
15:29 of 1st period - Stopped by Jonathan Quick with a rebound.
15:41 of 1st period - Chad Larose is hit by Milan Hejduk and loses puck.
15:48 of 1st period - Wrist shot by Milan Hejduk.
15:48 of 1st period - Stopped by Jonathan Quick without a rebound.
15:49 of 1st period - Anze Kopitar wins face-off versus Gilbert Brule in Kings zone.
16:00 of 1st period - Slapshot by Drew Doughty.
16:00 of 1st period - Stopped by Ondrej Pavelec without a rebound.
16:01 of 1st period - Anze Kopitar wins face-off versus Gilbert Brule in Senateurs zone.
17:34 of 1st period - Icing by Vitaly Vishnevsky.
17:35 of 1st period - Gilbert Brule wins face-off versus Anze Kopitar in Senateurs zone.
17:50 of 1st period - Patrik Elias is hit by Carlo Colaiacovo and loses puck.
18:11 of 1st period - Slapshot by Gilbert Brule.
18:11 of 1st period - Shot Blocked by Jakub Voracek.
18:13 of 1st period - Slapshot by Carlo Colaiacovo.
18:13 of 1st period - Stopped by Jonathan Quick with a rebound.
18:44 of 1st period - Drew Doughty is hit by Vitaly Vishnevsky.
18:46 of 1st period - Snap shot by Anze Kopitar.
18:46 of 1st period - Stopped by Ondrej Pavelec without a rebound.
18:47 of 1st period - Jordan Nolan wins face-off versus Brad Richards in Senateurs zone.
18:48 of 1st period - Snap shot by Ted Purcell.
18:48 of 1st period - Goal by Ted Purcell - Kings : 1 - Senateurs : 2.
18:49 of 1st period - Brad Richards wins face-off versus Jordan Nolan in neutral zone.
18:54 of 1st period - Snap shot by Brenden Morrow.
18:54 of 1st period - Shot Blocked by Brent Sopel.
19:03 of 1st period - Off-side.
19:04 of 1st period - Dominic Moore wins face-off versus Brandon Dubinsky in neutral zone.
19:07 of 1st period - Snap shot by Dominic Moore.
19:07 of 1st period - Shot Misses the Net.
19:10 of 1st period - Icing by Dan Hamhuis.
19:11 of 1st period - Dominic Moore wins face-off versus Brandon Dubinsky in Senateurs zone.
19:36 of 1st period - Wrist shot by Jordan Eberle.
19:36 of 1st period - Stopped by Ondrej Pavelec with a rebound.
Goals for this period are 1 for Kings vs 2 for Senateurs.
Shots for this period are 9 for Kings vs 14 for Senateurs.
2nd period
0:01 of 2nd period - Jordan Nolan wins face-off versus Gilbert Brule in neutral zone.
0:26 of 2nd period - Brenden Morrow is hit by Patrik Elias and loses puck.
0:51 of 2nd period - Slapshot by Dominic Moore.
0:51 of 2nd period - Shot Misses the Net.
1:08 of 2nd period - Off-side.
1:09 of 2nd period - Gilbert Brule wins face-off versus Jordan Nolan in neutral zone.
1:12 of 2nd period - Slapshot by Vitaly Vishnevsky.
1:12 of 2nd period - Stopped by Jonathan Quick without a rebound.
1:13 of 2nd period - Gilbert Brule wins face-off versus Ted Purcell in Kings zone.
1:26 of 2nd period - Snap shot by Gilbert Brule.
1:26 of 2nd period - Shot Misses the Net.
1:28 of 2nd period - Snap shot by Johan Franzen.
1:28 of 2nd period - Stopped by Jonathan Quick without a rebound.
1:29 of 2nd period - Brad Richards wins face-off versus Anze Kopitar in Kings zone.
1:41 of 2nd period - Wrist shot by Brenden Morrow.
1:41 of 2nd period - Stopped by Jonathan Quick with a rebound.
2:47 of 2nd period - Snap shot by Daniel Cleary.
2:47 of 2nd period - Shot Blocked by Dan Girardi.
2:49 of 2nd period - Slapshot by Brent Sopel.
2:49 of 2nd period - Stopped by Ondrej Pavelec without a rebound.
2:50 of 2nd period - Anze Kopitar wins face-off versus Gilbert Brule in Senateurs zone.
3:17 of 2nd period - Wrist shot by Anze Kopitar.
3:17 of 2nd period - Shot Misses the Net.
3:47 of 2nd period - Snap shot by Evander Kane.
3:47 of 2nd period - Shot Misses the Net.
3:53 of 2nd period - Minor Penalty to Milan Hejduk for Goalie Interference.
3:54 of 2nd period - Anze Kopitar wins face-off versus Gilbert Brule in Senateurs zone.
3:55 of 2nd period - Slapshot by Jordan Eberle.
3:55 of 2nd period - Shot Blocked by Dan Hamhuis.
3:57 of 2nd period - Slapshot by Drew Doughty.
3:57 of 2nd period - Shot Blocked by Dan Hamhuis.
3:59 of 2nd period - Slapshot by Brendan Smith.
3:59 of 2nd period - Stopped by Ondrej Pavelec with a rebound.
4:01 of 2nd period - Slapshot by Drew Doughty.
4:01 of 2nd period - Shot Misses the Net.
4:03 of 2nd period - Backhand shot by Anze Kopitar.
4:03 of 2nd period - Stopped by Ondrej Pavelec with a rebound.
4:05 of 2nd period - Snap shot by Evander Kane.
4:05 of 2nd period - Stopped by Ondrej Pavelec with a rebound.
4:09 of 2nd period - Snap shot by Evander Kane.
4:09 of 2nd period - Stopped by Ondrej Pavelec with a rebound.
4:11 of 2nd period - Slapshot by Drew Doughty.
4:11 of 2nd period - Deflect By Anze Kopitar.
4:11 of 2nd period - Shot Blocked by Kurtis Foster.
4:11 of 2nd period - Puck is out of play.
4:12 of 2nd period - Gilbert Brule wins face-off versus Jordan Nolan in Senateurs zone.
5:40 of 2nd period - Icing by Jordan Nolan.
5:41 of 2nd period - Brad Richards wins face-off versus Jordan Nolan in Kings zone.
5:42 of 2nd period - Snap shot by Brenden Morrow.
5:42 of 2nd period - Shot Misses the Net.
5:53 of 2nd period - Penalty to Milan Hejduk is over, Milan Hejduk is back on ice.
6:03 of 2nd period - Milan Hejduk is hit by Daniel Cleary and loses puck.
6:29 of 2nd period - Off-side.
6:30 of 2nd period - Andrew Ebbett wins face-off versus Anze Kopitar in neutral zone.
6:51 of 2nd period - Minor Penalty to Jakub Voracek for Hooking.
6:52 of 2nd period - Dominic Moore wins face-off versus Thomas Vanek in Kings zone.
6:52 of 2nd period - Lubomir Visnovsky is hit by Gilbert Brule and loses puck.
7:17 of 2nd period - Chad Larose is hit by Brenden Morrow and loses puck.
8:04 of 2nd period - Wrist shot by Anze Kopitar.
8:04 of 2nd period - Stopped by Ondrej Pavelec without a rebound.
8:05 of 2nd period - Anze Kopitar wins face-off versus Brad Richards in Senateurs zone.
8:51 of 2nd period - Penalty to Jakub Voracek is over, Jakub Voracek is back on ice.
9:41 of 2nd period - Snap shot by Daniel Cleary.
9:41 of 2nd period - Shot Blocked by Thomas Vanek.
9:43 of 2nd period - Slapshot by Michael Kostka.
9:43 of 2nd period - Goal by Michael Kostka - Kings : 2 - Senateurs : 2.
9:44 of 2nd period - Jordan Nolan wins face-off versus Gilbert Brule in neutral zone.
10:38 of 2nd period - Wrist shot by Chad Larose.
10:38 of 2nd period - Shot Blocked by Dan Hamhuis.
10:51 of 2nd period - Icing by Dan Hamhuis.
10:52 of 2nd period - Andrew Ebbett wins face-off versus Erik Christensen in Senateurs zone.
11:16 of 2nd period - Icing by Brent Sopel.
11:17 of 2nd period - Jordan Nolan wins face-off versus Brad Richards in Kings zone.
11:17 of 2nd period - Jordan Nolan is hit by Brenden Morrow.
11:27 of 2nd period - Snap shot by B.J. Crombeen.
11:27 of 2nd period - Stopped by Jonathan Quick with a rebound.
11:29 of 2nd period - Snap shot by B.J. Crombeen.
11:29 of 2nd period - Shot Misses the Net.
11:31 of 2nd period - Snap shot by Brenden Morrow.
11:31 of 2nd period - Shot Misses the Net.
11:39 of 2nd period - Minor Penalty to Brent Sopel for Slashing.
11:40 of 2nd period - Gilbert Brule wins face-off versus Dominic Moore in Kings zone.
12:16 of 2nd period - Wrist shot by Gilbert Brule.
12:16 of 2nd period - Shot Hit the Post.
12:18 of 2nd period - Snap shot by Johan Franzen.
12:18 of 2nd period - Shot Blocked by Michael Kostka.
13:04 of 2nd period - Snap shot by Johan Franzen.
13:04 of 2nd period - Stopped by Jonathan Quick without a rebound.
13:05 of 2nd period - Dominic Moore wins face-off versus Brad Richards in Kings zone.
13:39 of 2nd period - Penalty to Brent Sopel is over, Brent Sopel is back on ice.
13:58 of 2nd period - Slapshot by Jakub Voracek.
13:58 of 2nd period - Shot Misses the Net.
14:00 of 2nd period - Wrist shot by Anze Kopitar.
14:00 of 2nd period - Shot Blocked by Dan Girardi.
14:53 of 2nd period - Wrist shot by Jakub Voracek.
14:53 of 2nd period - Shot Misses the Net.
15:09 of 2nd period - Slapshot by Drew Doughty.
15:09 of 2nd period - Shot Misses the Net.
15:23 of 2nd period - Kurtis Foster is hit by Dominic Moore.
16:05 of 2nd period - Icing by Vitaly Vishnevsky.
16:06 of 2nd period - Brandon Dubinsky wins face-off versus Jordan Nolan in Senateurs zone.
16:24 of 2nd period - Snap shot by Lubomir Visnovsky.
16:24 of 2nd period - Deflect By Anze Kopitar.
16:24 of 2nd period - Stopped by Ondrej Pavelec with a rebound.
16:48 of 2nd period - Snap shot by Evander Kane.
16:48 of 2nd period - Stopped by Ondrej Pavelec with a rebound.
16:50 of 2nd period - Snap shot by Chad Larose.
16:50 of 2nd period - Shot Blocked by Vladimir Mihalik.
16:52 of 2nd period - Snap shot by Drew Doughty.
16:52 of 2nd period - Stopped by Ondrej Pavelec without a rebound.
16:53 of 2nd period - Jordan Eberle wins face-off versus Gilbert Brule in Senateurs zone.
17:07 of 2nd period - Wrist shot by Ted Purcell.
17:07 of 2nd period - Shot Misses the Net.
17:09 of 2nd period - Wrist shot by Jordan Eberle.
17:09 of 2nd period - Shot Blocked by Kurtis Foster.
17:19 of 2nd period - Kurtis Foster is hit by Michael Kostka and loses puck.
17:42 of 2nd period - Backhand shot by Brandon Dubinsky.
17:42 of 2nd period - Shot Misses the Net.
17:44 of 2nd period - Slapshot by Vitaly Vishnevsky.
17:44 of 2nd period - Shot Misses the Net.
17:46 of 2nd period - Slapshot by Vitaly Vishnevsky.
17:46 of 2nd period - Stopped by Jonathan Quick without a rebound.
17:47 of 2nd period - Ted Purcell wins face-off versus Gilbert Brule in Kings zone.
17:49 of 2nd period - Minor Penalty to Jordan Eberle for Hooking.
17:50 of 2nd period - Gilbert Brule wins face-off versus Dominic Moore in Kings zone.
18:02 of 2nd period - Snap shot by Gilbert Brule.
18:02 of 2nd period - Goal by Gilbert Brule - Kings : 2 - Senateurs : 3.
18:03 of 2nd period - Jordan Nolan wins face-off versus Gilbert Brule in neutral zone.
18:28 of 2nd period - Dan Hamhuis is hit by Jakub Voracek.
18:41 of 2nd period - Minor Penalty to Anze Kopitar for Roughing.
18:42 of 2nd period - Dominic Moore wins face-off versus Gilbert Brule in Kings zone.
Goals for this period are 1 for Kings vs 1 for Senateurs.
Shots for this period are 10 for Kings vs 7 for Senateurs.
3rd period
0:01 of 3rd period - Dominic Moore wins face-off versus Johan Franzen in neutral zone.
0:04 of 3rd period - Thomas Vanek is hit by Ryan O'Byrne and loses puck.
0:37 of 3rd period - Snap shot by B.J. Crombeen.
0:37 of 3rd period - Goal by B.J. Crombeen - Kings : 2 - Senateurs : 4.
0:37 of 3rd period - Evgeni Nabokov enters game.
0:38 of 3rd period - Jordan Nolan wins face-off versus Gilbert Brule in neutral zone.
1:05 of 3rd period - Slapshot by Anze Kopitar.
1:05 of 3rd period - Shot Misses the Net.
1:07 of 3rd period - Slapshot by Drew Doughty.
1:07 of 3rd period - Shot Blocked by Brenden Morrow.
2:05 of 3rd period - Lubomir Visnovsky is hit by Gilbert Brule and loses puck.
2:10 of 3rd period - Wrist shot by Gilbert Brule.
2:10 of 3rd period - Stopped by Evgeni Nabokov with a rebound.
2:12 of 3rd period - Wrist shot by Dan Girardi.
2:12 of 3rd period - Shot Misses the Net.
2:14 of 3rd period - Snap shot by Johan Franzen.
2:14 of 3rd period - Stopped by Evgeni Nabokov without a rebound.
2:15 of 3rd period - Brad Richards wins face-off versus Anze Kopitar in Kings zone.
3:07 of 3rd period - Slapshot by Dan Girardi.
3:07 of 3rd period - Shot Blocked by Michael Kostka.
3:09 of 3rd period - Snap shot by Darcy Hordichuk.
3:09 of 3rd period - Stopped by Evgeni Nabokov with a rebound.
3:30 of 3rd period - Icing by Andy McDonald.
3:31 of 3rd period - Andrew Ebbett wins face-off versus Jakub Voracek in Senateurs zone.
3:42 of 3rd period - Slapshot by Kurtis Foster.
3:42 of 3rd period - Shot Blocked by Lubomir Visnovsky.
3:48 of 3rd period - Wrist shot by Jakub Voracek.
3:48 of 3rd period - Stopped by Ondrej Pavelec with a rebound.
3:58 of 3rd period - Kurtis Foster is hit by Lubomir Visnovsky and loses puck.
4:03 of 3rd period - Slapshot by Evander Kane.
4:03 of 3rd period - Stopped by Ondrej Pavelec without a rebound.
4:04 of 3rd period - Dominic Moore wins face-off versus Gilbert Brule in Senateurs zone.
4:05 of 3rd period - Wrist shot by Evander Kane.
4:05 of 3rd period - Stopped by Ondrej Pavelec with a rebound.
4:33 of 3rd period - Snap shot by Jordan Nolan.
4:33 of 3rd period - Stopped by Ondrej Pavelec without a rebound.
4:34 of 3rd period - Brad Richards wins face-off versus Jordan Nolan in Senateurs zone.
4:34 of 3rd period - Brad Richards is hit by Jordan Nolan.
4:40 of 3rd period - Snap shot by Brad Richards.
4:40 of 3rd period - Stopped by Evgeni Nabokov with a rebound.
4:42 of 3rd period - Minor Penalty to Jordan Nolan for Interference.
4:43 of 3rd period - Dominic Moore wins face-off versus Thomas Vanek in Kings zone.
4:48 of 3rd period - Snap shot by Gilbert Brule.
4:48 of 3rd period - Shot Hit the Post.
4:50 of 3rd period - Wrist shot by Johan Franzen.
4:50 of 3rd period - Goal by Johan Franzen - Kings : 2 - Senateurs : 5.
4:51 of 3rd period - Anze Kopitar wins face-off versus Gilbert Brule in neutral zone.
5:07 of 3rd period - Icing by Ryan O'Byrne.
5:08 of 3rd period - Anze Kopitar wins face-off versus Brad Richards in Kings zone.
5:08 of 3rd period - Anze Kopitar is hit by Brenden Morrow.
5:15 of 3rd period - Off-side.
5:16 of 3rd period - Jordan Nolan wins face-off versus Brad Richards in neutral zone.
5:23 of 3rd period - Wrist shot by Jordan Eberle.
5:23 of 3rd period - Goal by Jordan Eberle - Kings : 3 - Senateurs : 5.
5:24 of 3rd period - Jordan Nolan wins face-off versus Gilbert Brule in neutral zone.
5:39 of 3rd period - Slapshot by Dan Hamhuis.
5:39 of 3rd period - Shot Blocked by Brendan Smith.
6:33 of 3rd period - Slapshot by Andrew Ebbett.
6:33 of 3rd period - Shot Misses the Net.
6:59 of 3rd period - Slapshot by Thomas Vanek.
6:59 of 3rd period - Shot Blocked by Michael Kostka.
7:01 of 3rd period - Slapshot by Carlo Colaiacovo.
7:01 of 3rd period - Stopped by Evgeni Nabokov with a rebound.
7:15 of 3rd period - B.J. Crombeen is hit by Patrik Elias and loses puck.
7:38 of 3rd period - Snap shot by Chad Larose.
7:38 of 3rd period - Shot Misses the Net.
7:40 of 3rd period - Wrist shot by Evander Kane.
7:40 of 3rd period - Shot Misses the Net.
7:46 of 3rd period - Snap shot by Evander Kane.
7:46 of 3rd period - Stopped by Ondrej Pavelec without a rebound.
7:47 of 3rd period - Jordan Nolan wins face-off versus Gilbert Brule in Senateurs zone.
8:02 of 3rd period - Slapshot by Ted Purcell.
8:02 of 3rd period - Stopped by Ondrej Pavelec without a rebound.
8:03 of 3rd period - Anze Kopitar wins face-off versus Brad Richards in Senateurs zone.
8:06 of 3rd period - Wrist shot by Jakub Voracek.
8:06 of 3rd period - Shot Misses the Net.
8:30 of 3rd period - Thomas Vanek is hit by Jordan Nolan and loses puck.
8:37 of 3rd period - Snap shot by Jordan Eberle.
8:37 of 3rd period - Deflect By Ted Purcell.
8:37 of 3rd period - Shot Misses the Net.
8:37 of 3rd period - Puck is out of play.
8:38 of 3rd period - Anze Kopitar wins face-off versus Brad Richards in Senateurs zone.
9:05 of 3rd period - Slapshot by Ryan O'Byrne.
9:05 of 3rd period - Shot Blocked by Vitaly Vishnevsky.
9:07 of 3rd period - Slapshot by Ryan O'Byrne.
9:07 of 3rd period - Shot Blocked by Carlo Colaiacovo.
9:09 of 3rd period - Snap shot by Jordan Nolan.
9:09 of 3rd period - Deflect By Jordan Eberle.
9:09 of 3rd period - Stopped by Ondrej Pavelec without a rebound.
9:10 of 3rd period - Jordan Nolan wins face-off versus Gilbert Brule in Senateurs zone.
9:44 of 3rd period - Brad Richards is hit by Anze Kopitar and loses puck.
11:03 of 3rd period - Jakub Voracek is hit by Kurtis Foster and loses puck.
12:29 of 3rd period - Slapshot by Vitaly Vishnevsky.
12:29 of 3rd period - Shot Blocked by Lubomir Visnovsky.
13:05 of 3rd period - Slapshot by Andrew Ebbett.
13:05 of 3rd period - Stopped by Evgeni Nabokov with a rebound.
13:39 of 3rd period - Slapshot by B.J. Crombeen.
13:39 of 3rd period - Stopped by Evgeni Nabokov with a rebound.
13:55 of 3rd period - Brendan Smith is hit by Kurtis Foster and loses puck.
14:39 of 3rd period - Snap shot by George Parros.
14:39 of 3rd period - Shot Misses the Net.
14:41 of 3rd period - Snap shot by George Parros.
14:41 of 3rd period - Shot Misses the Net.
14:43 of 3rd period - Slapshot by Vitaly Vishnevsky.
14:43 of 3rd period - Stopped by Evgeni Nabokov without a rebound.
14:44 of 3rd period - Jordan Nolan wins face-off versus Gilbert Brule in Kings zone.
14:46 of 3rd period - Minor Penalty to Ted Purcell for Hooking.
14:47 of 3rd period - Gilbert Brule wins face-off versus Dominic Moore in Kings zone.
14:59 of 3rd period - Wrist shot by Gilbert Brule.
14:59 of 3rd period - Shot Blocked by Ryan O'Byrne.
15:53 of 3rd period - Anze Kopitar is hit by Brenden Morrow and loses puck.
16:46 of 3rd period - Penalty to Ted Purcell is over, Ted Purcell is back on ice.
17:01 of 3rd period - George Parros is hit by Jordan Nolan and loses puck.
17:16 of 3rd period - Snap shot by Anze Kopitar.
17:16 of 3rd period - Shot Misses the Net.
17:18 of 3rd period - Slapshot by Ryan O'Byrne.
17:18 of 3rd period - Stopped by Ondrej Pavelec with a rebound.
19:00 of 3rd period - Vitaly Vishnevsky is hit by Erik Christensen and loses puck.
19:37 of 3rd period - Dan Hamhuis is hit by Chad Larose and loses puck.
Goals for this period are 1 for Kings vs 2 for Senateurs.
Shots for this period are 9 for Kings vs 10 for Senateurs.
Back to the Top